 Dungeon Crawl Stone Soup version 0.29-a0-25-g7f48f510a0 (webtiles) character file.

Game seed: 10756056744978937992

107 Nattfarinn the Grave Robber (level 4, -1/41 HPs)
             Began as an Ogre Necromancer on Jan 31, 2022.
             Slain by a gnoll (8 damage)
             ... on level 3 of the Dungeon.
             The game lasted 00:03:47 (3010 turns).

Nattfarinn the Grave Robber (Ogre Necromancer)      Turns: 3010, Time: 00:03:48

Health: -1/41      AC:  3    Str: 22    XL:     4   Next: 86%
Magic:  1/7        EV:  9    Int: 18    God:
Gold:   160        SH:  0    Dex:  9    Spells: 3/8 levels left

rFire   . . .      SeeInvis .   m - +2 dagger of Ascent {pain, Str+4}
rCold   . . .      Faith    .   (no shield)
rNeg    . . .      Spirit   .   a - +0 robe
rPois   .          Reflect  .   (helmet restricted)
rElec   .          Harm     .   (no cloak)
rCorr   .          Rampage  .   (gloves unavailable)
Will    .....                   (boots unavailable)
Stlth   +.........              (no amulet)
HPRegen 0.13/turn               b - +6 ring of strength
MPRegen 0.10/turn               (no ring)

@: no status effects
A: large, unfitting armour, tough skin 1
a: no special abilities


You were on level 3 of the Dungeon.
You visited 1 branch of the dungeon, and saw 4 of its levels.

You collected 160 gold pieces.

Inventory:

Hand Weapons
 m - the +2 dagger of Ascent (weapon) {pain, Str+4}
   (You found it on level 3 of the Dungeon)

   In the hands of one skilled in necromantic magic, it inflicts extra damage on
   living creatures.
   Str:       It affects your strength (+4).
Armour
 a - a +0 robe (worn)
Jewellery
 b - a +6 ring of strength (left hand)
Wands
 k - a wand of paralysis (4)
Scrolls
 d - a scroll of magic mapping {unknown}
 f - a scroll of amnesia {unknown}
 i - a scroll of enchant weapon {unknown}
 j - a scroll of teleportation {unknown}
 l - a scroll of blinking {unknown}
 n - a scroll of vulnerability {unknown}
 o - a scroll of torment {unknown}
 p - a scroll of immolation {unknown}
 q - a scroll of identify {unknown}
Potions
 e - 2 potions of might {unknown}
 g - 3 potions of berserk rage {unknown}
 h - a potion of heal wounds {unknown}
 r - a potion of cancellation {unknown}
 s - a potion of lignification {unknown}


   Skills:
 * Level 1.3 Fighting
 - Level 1.7 Dodging
 - Level 1.4 Stealth
 + Level 2.5 Spellcasting
 - Level 5.3 Necromancy


You had 3 spell levels left.
You knew the following spells:

 Your Spells              Type           Power      Damage    Failure   Level
a - Pain                  Necr           84%        1d8       1%          1
b - Animate Dead          Necr           10%        N/A       19%         4

Your spell library contained the following spells:

 Spells                   Type           Power      Damage    Failure   Level
 Animate Skeleton         Necr           42%        N/A       1%          1
 Vampiric Draining        Necr           21%        2d7       6%          3
 Gell's Gravitas          Tloc           2%         N/A       45%         3
 Teleport Other           Tloc           2%         N/A       45%         3
 Agony                    Necr           21%        N/A       47%         5
 Dispersal                Tloc           1%         N/A       100%        6


Dungeon Overview and Level Annotations

Branches:
Dungeon (4/15)
 Temple: D:4-7

Altars:


Innate Abilities, Weirdness & Mutations

You are too large for most types of armour.
You have tough skin. (AC +1)


Message History

The gnoll writhes in agony.
The adder writhes in agony.
The adder writhes in agony.
The adder bites you but does no damage.
The adder writhes in agony.
The adder barely misses you. The adder bites you.
The gnoll hits you from afar with a +0 spear.
The adder writhes in agony!
You kill the adder!
The gnoll hits you from afar with a +0 spear.
Your Fighting skill increases to level 1!
Unknown command.
There is an open door here.
There is a stone staircase leading up here.
You can't go down here!
The gnoll barely misses you.
The gnoll hits you from afar with a +0 spear!
You climb upwards.
There is a stone staircase leading down here.
You are too injured to fight recklessly!
You are too injured to fight recklessly!
Casting: Pain (safe; 1% risk of failure)
Confirm with . or Enter, or press ? or * to list all spells.
Aiming: Pain (safe; 1% risk of failure)
Press: ? - help, Shift-Dir - straight line, f - gnoll
Aim: a gnoll, wielding a +0 club (heavily wounded, chance to affect: 85%)
The gnoll barely resists.
The gnoll barely misses you.
You hit the gnoll.
The gnoll is severely wounded.
The gnoll hits you with a +0 club.
You hit the gnoll.
The gnoll is almost dead.
The gnoll hits you with a +0 club.
* * * LOW HITPOINT WARNING * * *
You hit the gnoll.
The gnoll writhes in agony.
The gnoll is almost dead.
The gnoll hits you with a +0 club.
* * * LOW HITPOINT WARNING * * *
You closely miss the gnoll.
The gnoll is almost dead.
The gnoll hits you with a +0 club!
You die...

#.# #.#.......#.....#......
#.#####.#.......#.....#.##...
#.##......#...........#.##.##
#.##........<.........#.##...
#.##......#...........#......
#.##......##..........#......
#.##..................#......
#.##########g.........#......
#...........@................
####.......##..........##....
#.......##..........##....
#.......##..........##....
#.......##..........##....
#.........................
#.........................
#.........................
#....##.....#...##........


You could see a gnoll.

Vanquished Creatures
  An iguana (D:3)
  An adder (D:4)
  A gnoll (D:4)
  An adder skeleton (D:3)
  A worm (D:3)
  A dart slug (D:2)
  An orc (D:3)
  5 endoplasms
  4 giant cockroaches
  4 goblins
  3 hobgoblins
  5 jackals
  2 kobolds
  4 quokkas
  4 ball pythons
  3 bats
  A frilled lizard (D:1)
  6 rats
48 creatures vanquished.

Notes
Turn   | Place    | Note
-------+----------+-------------------------------------------
     0 | D:1      | Nattfarinn the Ogre Necromancer began the quest for the
                  | Orb.
     0 | D:1      | Reached XP level 1. HP: 16/16 MP: 3/3
   272 | D:1      | Found a faded altar of an unknown god.
   313 | D:1      | Reached skill level 4 in Necromancy
   313 | D:1      | Reached XP level 2. HP: 20/24 MP: 0/5
  1081 | D:2      | Reached XP level 3. HP: 26/31 MP: 1/6
  2255 | D:3      | Reached skill level 5 in Necromancy
  2255 | D:3      | Reached XP level 4. HP: 25/39 MP: 2/7
  2476 | D:3      | Identified the +2 dagger of Ascent {pain, Str+4}
  2952 | D:3      | Learned a level 4 spell: Animate Dead
  2996 | D:4      | Reached skill level 1 in Fighting
  3010 | D:3      | Slain by a gnoll

Illustrated notes

Levels and vault maps discovered:
D:1:      dpeg_arrival_simpleton_c, layout_rooms,
          hellmonk_ecumenical_altar_heavens_door
D:2:      layout_basic
D:3:      minmay_door_path, layout_basic, minmay_tree_intersection, st_stairs_5
D:4:      layout_gridville, st_stairs_13, uniq_grinder

Skill      XL: |  1  2  3  4 |
---------------+-------------+-----
Necromancy     | 4 5 |  5.3
Fighting       | 1 |  1.3
Dodging        | |  1.7
Stealth        | |  1.4
Spellcasting   | |  2.5

Action                   |  1- 3 |  4- 6 || total
-------------------------+-------+-------++-------
Melee: Unarmed           |    16 |       ||    16
       Dagger            |       |     4 ||     4
Throw: Javelin           |     2 |     3 ||     5
 Cast: Pain              |    75 |    13 ||    88
Armor: Robe              |    11 |     2 ||    13
Dodge: Dodged            |    18 |     4 ||    22

Table legend: (Time is in decaauts)
 A = Elapsed time spent in this place.
 B = Non-inter-level travel time spent in this place.
 C = Inter-level travel time spent in this place.
 D = Time resting spent in this place.
 E = Time spent auto-exploring this place.
 F = Levels seen in this place.
 G = Mean time per level.
                   A        B        C        D        E       F      G
               +--------+--------+--------+--------+--------+-----+--------+
         Total |   3011 |   2937 |     74 |      5 |   2630 |   4 |  752.8 |
       Dungeon |   3011 |   2937 |     74 |      5 |   2630 |   4 |  752.8 |
               +--------+--------+--------+--------+--------+-----+--------+

Top non-repeatable levels by time:
     D:3: 1126 daAuts
     D:2: 975 daAuts
     D:1: 878 daAuts
     D:4: 30 daAuts
